 Dungeon Crawl Stone Soup version 0.22-a0-782-g038298e (webtiles) character file.

137 Gaball the Skirmisher (level 5, 0/42 HPs)
             Began as a Mummy Gladiator on July 19, 2018.
             Slain by a gnoll
             ... wielding a +1 flail of crushing
              (10 damage)
             ... on level 2 of the Dungeon.
             The game lasted 00:02:53 (1823 turns).

Gaball the Skirmisher (Mummy Gladiator)             Turns: 1823, Time: 00:02:54

Health: 0/42       AC:  6    Str: 17    XL:     5   Next: 0%
Magic:  5/5        EV: 11    Int:  9    God:
Gold:   59         SH:  0    Dex: 13    Spells: 4/4 levels left

rFire    x . .     SeeInvis .   a - +0 long sword
rCold    + . .     Gourm    .   (no shield)
rNeg     + + +     Faith    .   g - +0 ring mail
rPois    ∞         Spirit   .   c - +0 helmet
rElec    .         Reflect  .   (no cloak)
rCorr    .         Harm     .   (no gloves)
MR       .....                  (no boots)
Stlth    +.........             (no amulet)
HPRegen  0.14/turn              (no ring)
MPRegen  0.09/turn              (no ring)

@: no status effects
A: no food or potions, fire vulnerability, cold resistance 1, negative energy
resistance 3, torment resistance, unbreathing
a: no special abilities


You were on level 2 of the Dungeon.
You were not hungry.

You visited 1 branch of the dungeon, and saw 2 of its levels.

You collected 59 gold pieces.

Inventory:

Hand Weapons
 a - a +0 long sword (weapon)
Missiles
 d - 3 throwing nets (quivered)
Armour
 b - a +0 leather armour
 c - a +0 helmet (worn)
 g - a +0 ring mail (worn)
 i - a cursed +0 large shield
Jewellery
 f - a +2 ring of dexterity {unknown}
Scrolls
 e - a scroll of amnesia {unknown}
 h - a scroll of remove curse {unknown}
 j - a scroll of fog {unknown}


   Skills:
 + Level 3.9 Fighting
 + Level 3.7 Long Blades
 - Level 1.5 Throwing
 - Level 2.4 Dodging


You had 4 spell levels left.
You didn't know any spells.
Your spell library was empty.

Dungeon Overview and Level Annotations

Branches:
Dungeon (2/15)

Altars:


Innate Abilities, Weirdness & Mutations

You do not eat or drink.
Your flesh is vulnerable to fire.
You are immune to poison.
Your flesh is cold resistant. (rC+)
You are immune to negative energy. (rN+++)
You are immune to unholy pain and torment.
You can survive without breathing.


Message History

You feel clever.
You hit the gnoll but do no damage.
The gnoll hits you with a flail of crushing.
* * * LOW HITPOINT WARNING * * *
x2 You hit the gnoll.
The gnoll is moderately wounded.
The gnoll hits you but does no damage.
You hit the gnoll.
The gnoll is severely wounded.
The gnoll hits you but does no damage.
You hit the gnoll.
The gnoll is almost dead.
The gnoll hits you but does no damage.
You barely miss the gnoll.
The gnoll is almost dead.
The gnoll barely misses you.
You hit the gnoll but do no damage.
The gnoll is almost dead.
The gnoll hits you with a flail of crushing!
You die...

..............# #.#......#......
..............# #.#......#......
.r..g.).....#(# #.#........#....
g.....#'#####.# #.#....#...'....
......#..# #.# #......#.###..).
......##.## #.########...........
......##..# #...........#.#......
......###.########.....<#.#......
......'........g@'........'.>....
#.#...####.#.#####........#......
#)##### #...# #......###......
#.# ##..# #......###......
..#########..## #......'........
...†..........# #......#########
..............########### #
..............#........# #
..............#........##########


You could see a gnoll.

Vanquished Creatures
  4 adders (D:2)
  5 gnolls (D:2)
  An ooze (D:2)
  A dart slug (D:2)
  3 leopard geckos
  9 bats
  4 giant cockroaches
  A goblin (D:1)
  3 hobgoblins (D:1)
  2 frilled lizards
  7 kobolds
  10 rats
50 creatures vanquished.

Notes
Turn   | Place    | Note
-------+----------+-------------------------------------------
     0 | D:1      | Gaball the Mummy Gladiator began the quest for the Orb.
     0 | D:1      | Reached XP level 1. HP: 16/16 MP: 1/1
    71 | D:1      | Reached XP level 2. HP: 22/23 MP: 2/2
   865 | D:2      | Reached XP level 3. HP: 28/28 MP: 3/3
  1523 | D:2      | Reached XP level 4. HP: 31/35 MP: 4/4
  1816 | D:2      | Reached XP level 5. HP: 13/42 MP: 5/5
  1823 | D:2      | Slain by a gnoll

Vault maps used:
D:1:      lemuel_arrival_funnel, st_stairs_10

Skill      XL: |  1  2  3 |
---------------+----------+-----
Long Blades    | 3 |  3.7
Fighting       | 3 |  3.9
Throwing       | |  1.5
Dodging        | |  2.4

Action                   |  1- 3 |  4- 6 || total
-------------------------+-------+-------++-------
Melee: Long sword        |   116 |    40 ||   156
 Stab: Sleeping          |     1 |       ||     1
Armor: Leather armour    |    23 |       ||    23
       Ring mail         |    44 |    13 ||    57
Dodge: Dodged            |   122 |    28 ||   150
       Rpst.: Long sword |    34 |    10 ||    44

Table legend:
 A = Spawn XP
 B = Non-spawn XP
 C = Spawn XP percentage of total XP
 D = Spawn monster count
 E = Non-spawn monster count
 F = Spawn count percentage of total count
 G = Total turns spent on level
                    A         B        C        D         E        F      G
               +---------+---------+-------+---------+---------+-------+---------
         Total |       0 |     196 |   0.0 |       0 |      50 |   0.0 |  1823
               +---------+---------+-------+---------+---------+-------+---------
           D:1 |       0 |      37 |   0.0 |       0 |      22 |   0.0 |  1078
           D:2 |       0 |     159 |   0.0 |       0 |      28 |   0.0 |   745
               +---------+---------+-------+---------+---------+-------+---------
